 Dungeon Crawl Stone Soup version 0.23.1 (webtiles) character file.

Game seed: 9274627967878847258

53 Hasart the Skirmisher (level 3, -2/29 HPs)
             Began as a Demonspawn Fighter on Mar 6, 2019.
             Killed from afar by a dart slug (8 damage)
             ... with a slug dart
             ... on level 1 of the Dungeon.
             The game lasted 00:01:50 (1105 turns).

Hasart the Skirmisher (Demonspawn Fighter)          Turns: 1105, Time: 00:01:51

Health: -2/29      AC: 12    Str: 17    XL:     3   Next: 64%
Magic:  3/3        EV:  6    Int:  9    God:
Gold:   32         SH:  8    Dex: 12    Spells: 2/2 levels left

rFire    . . .     SeeInvis .   a - +0 long sword
rCold    . . .     Gourm    .   c - +0 shield
rNeg     . . .     Faith    .   b - +0 scale mail
rPois    .         Spirit   .   (no helmet)
rElec    .         Reflect  .   (no cloak)
rCorr    .         Harm     .   (no gloves)
MR       .....                  (no boots)
Stlth    ..........             (no amulet)
HPRegen  0.09/turn              (no ring)
MPRegen  0.08/turn              (no ring)

@: sanguine armour
A: rot immunity, sanguine armour 1
a: no special abilities


You were on level 1 of the Dungeon.
You were not hungry.

You visited 1 branch of the dungeon, and saw 2 of its levels.

You collected 32 gold pieces.

Inventory:

Hand Weapons
 a - a +0 long sword (weapon)
Armour
 b - a +0 scale mail (worn)
 c - a +0 shield (worn)
Scrolls
 e - a scroll of fog {unknown}
 g - 2 scrolls of identify {unknown}
 k - a scroll of enchant armour {unknown}
 l - a scroll of remove curse {unknown}
 m - a scroll of blinking {unknown}
 n - a scroll of fear {unknown}
 p - a scroll of teleportation {unknown}
Potions
 d - a potion of might
 h - a potion of mutation {unknown}
 j - a potion of cancellation {unknown}
 o - a potion of haste {unknown}
Comestibles
 f - 2 rations


   Skills:
 + Level 3.6 Fighting
 * Level 3.2 Long Blades
 - Level 2.6 Armour
 - Level 2.6 Shields


You had 2 spell levels left.
You didn't know any spells.
Your spell library was empty.

Dungeon Overview and Level Annotations

Branches:
Dungeon (2/15)

Altars:


Innate Abilities, Weirdness & Mutations

You are immune to rotting.
When seriously injured, your bleeding wounds create armour. (AC +6)


Message History

You kill the giant cockroach!
The goblin shoots a stone.
The stone hits you but does no damage. The goblin hits you but does no damage.
The dart slug launches a dart at you. You block the slug dart.
The goblin shoots a stone.
You block the stone. The goblin hits you but does no damage.
The goblin hits you but does no damage.
There is a stone staircase leading up, spattered with blood here.
You see here 3 stones.
Unknown command.
The goblin barely misses you.
You riposte.
You slash the goblin!
You kill the goblin!
You climb upwards.
There is a stone staircase leading down here.
Unknown command.
You hit the dart slug.
The dart slug is moderately wounded.
The dart slug launches a dart at you. The slug dart hits you!
You die...

#######
############......
#.................
#.##########.####.
#.#### #.# #.
#....# #.# #.
#.##.# #.# #.
#w#..#######.####.
#@)...............
##################
#.......#########
#)#####.#........
#.#...#.#.#######
#.#.#.#.#.)......
#.#.#.#.#.#######
#.#.#.#.##.....).
#.#.#.#......####


You could see a dart slug.

Vanquished Creatures
  2 adders
  5 dart slugs (D:1)
  4 bats (D:1)
  A giant cockroach (D:2)
  5 goblins
  3 hobgoblins (D:1)
  A frilled lizard (D:1)
  3 kobolds (D:1)
  2 rats (D:1)
26 creatures vanquished.

Notes
Turn   | Place    | Note
-------+----------+-------------------------------------------
     0 | D:1      | Hasart the Demonspawn Fighter began the quest for the Orb.
     0 | D:1      | Reached XP level 1. HP: 18/18 MP: 1/1
   118 | D:1      | Gained mutation: You are immune to rotting. [demonic
                  | ancestry]
   118 | D:1      | Reached XP level 2. HP: 20/24 MP: 2/2
   674 | D:1      | Gained mutation: When seriously injured, your bleeding
                  | wounds create armour. (AC +6) [demonic ancestry]
   674 | D:1      | Reached XP level 3. HP: 29/29 MP: 3/3
  1105 | D:1      | Killed from afar by a dart slug

Skill      XL: |  1  2  3 |
---------------+----------+-----
Long Blades    | 2 3 |  3.2
Fighting       | |  3.6
Armour         | |  2.6
Shields        | |  2.6

Action                   || total
-------------------------++-------
Melee: Long sword        ||    85
  Eat: Chunk             ||     1
Armor: Scale mail        ||    66
Dodge: Dodged            ||    34
Block: Shield            ||    60
       Rpst.: Long sword ||     9
